Cogmind - Beta 12 @@@ ROGUE MODE // 2023.04.26 @ 23:27:24 Player: Mr Goldstein Result: Self-destructed Performance ------------- Evolutions (1) 500 Regions Visited (5) 1000 Robots Destroyed (0) 0 Value Destroyed (0) 0 Prototype IDs (6) 120 Alien Tech Used (0) 0 Bonus (281) 281 TOTAL SCORE: 1901 Bonus ------- Pacifist 200 Met Imprinter 300 Friendly Fire -219 Cogmind --------- Core Integrity 84/400 Matter 206/300 Energy 100/100 System Corruption 1% Temperature Cool (0) Movement Core (50) Location -7/Zion Parts ------- > --- POWER (1) -------- (None) > --- PROPULSION (2) --- (None) > --- UTILITY (4) ------ Experimental Core Analyzer Experimental Armor Integrity Analyzer Makeshift Hacking Suite > --- WEAPON (2) ------- CR-A16's Pointy Stick > --- INVENTORY (5) ---- Makeshift ECM Suite Hacking Drone Bay Peak State ------------ > --- POWER ------------ (None) > --- PROPULSION ------- Makeshift Flight Unit > --- UTILITY ---------- Experimental Terrain Scan Processor Experimental Core Analyzer Experimental Armor Integrity Analyzer Makeshift Hacking Suite > --- WEAPON ----------- CR-A16's Pointy Stick > --- INVENTORY -------- Makeshift ECM Suite Hacking Drone Bay [Rating: 41] Favorites ----------- Power None Propulsion Light Treads Treads Light Treads Flight Unit Makeshift Flight Unit Utility Makeshift Hacking Suite Processor Experimental Core Analyzer Hackware Makeshift Hacking Suite Weapon CR-A16's Pointy Stick Piercing Weapon CR-A16's Pointy Stick Build | -11 -10 -10 -9 -9 -7 ------- Run | Jun Mat Min Mat Min Zio Slots Evolved 2 | . . . 2 . . Power . | . . . . . . Propulsion . | . . . . . . Utility 2 | . . . 2 . . Weapon . | . . . . . . Parts Attached 12 | 2 . . . . 10 Power . | . . . . . . Engine . | . . . . . . Core . | . . . . . . Reactor . | . . . . . . Propulsion 3 | 2 . . . . 1 Treads 2 | 2 . . . . . Leg . | . . . . . . Wheel . | . . . . . . Hover . | . . . . . . Flight 1 | . . . . . 1 Utility 8 | . . . . . 8 Device . | . . . . . . Storage . | . . . . . . Processor 4 | . . . . . 4 Hackware 4 | . . . . . 4 Protection . | . . . . . . Artifact . | . . . . . . Weapon 1 | . . . . . 1 Energy Gun . | . . . . . . Energy Cannon . | . . . . . . Ballistic Gun . | . . . . . . Ballistic Cannon . | . . . . . . Launcher . | . . . . . . Special Weapon . | . . . . . . Impact Weapon . | . . . . . . Slashing Weapon . | . . . . . . Piercing Weapon 1 | . . . . . 1 Special Melee Weapon . | . . . . . . Unidentified Prototypes 6 | . . . . . 6 Parts Lost 2 | . . . . . 2 Power . | . . . . . . Propulsion 1 | . . . . . 1 Utility 1 | . . . . . 1 Weapon . | . . . . . . Highest Loss Streak 1 | . . . . . 1 To Critical Strikes . | . . . . . . Average Slot Usage (%) 34 | . 28 28 22 22 36 Treads 16 | . 28 28 22 22 12 Flight 3 | . . . . . 4 Processor 4 | . . . . . 6 Hackware 5 | . . . . . 7 Piercing Weapon 4 | . . . . . 5 Naked Turns . | . . . . . . Heaviest Build 3 | . . . . . 3 Greatest Support 40 | 40 3 3 3 3 8 Greatest Overweight (x) . | . . . . . . Average Overweight (x) . | . . . . . . Largest Inventory Capacity 5 | 5 5 5 5 5 5 Average Capacity 5 | 5 5 5 5 5 5 Most Carried 2 | . . . . . 2 Average Carried . | . . . . . . Final Capacity 5 | 5 5 5 5 5 5 Final Carried 2 | . . . . . 2 Class Distribution -------------------- 89% | Mutant 10% | Hacker-Mutant Dominant Class ---------------- Mutant | -10/Materials Mutant | -10/Mines Mutant | -9/Materials Mutant | -9/Mines Mutant | -7/Zion Resources | -11 -10 -10 -9 -9 -7 ----------- Run | Jun Mat Min Mat Min Zio Matter Collected 205 | 172 . . . . 33 Remotely . | . . . . . . Salvage Created . | . . . . . . Parts . | . . . . . . Haulers Intercepted . | . . . . . . Recyclers Shooed . | . . . . . . Parts Field Recycled . | . . . . . . Retrieved Matter . | . . . . . . Parts Self-Destructed . | . . . . . . Prevented . | . . . . . . Kills | -11 -10 -10 -9 -9 -7 ------- Run | Jun Mat Min Mat Min Zio Combat Hostiles Destroyed . | . . . . . . Classes Destroyed . | . . . . . . Best Kill Streak . | . . . . . . Combat Bots Only . | . . . . . . Max Kills in Single Turn . | . . . . . . Gunslinging . | . . . . . . Exploded . | . . . . . . Melee . | . . . . . . Uniques/NPCs Destroyed . | . . . . . . Combat | -11 -10 -10 -9 -9 -7 -------- Run | Jun Mat Min Mat Min Zio Damage Taken 666 | . 80 177 37 . 372 Core 396 | . 22 58 18 . 298 Absorbed by Shields . | . . . . . . Core Remaining (%) 84 | 100 . 68 . . . Volleys Fired . | . . . . . . Largest . | . . . . . . Hottest . | . . . . . . Shots Fired . | . . . . . . Gun . | . . . . . . Cannon . | . . . . . . Launcher . | . . . . . . Special . | . . . . . . Kinetic . | . . . . . . Thermal . | . . . . . . Explosive . | . . . . . . Electromagnetic . | . . . . . . Robot Hit Streak . | . . . . . . Robot Miss Streak . | . . . . . . Penetration Max . | . . . . . . Secondary Targets . | . . . . . . Shots Hit Robots 2 | . . . . . 2 Core Hits 1 | . . . . . 1 Critical Kills . | . . . . . . Critical Parts Destroyed . | . . . . . . Critical Strikes . | . . . . . . Melee Attacks 4 | . . . . . 4 Impact . | . . . . . . Slashing . | . . . . . . Piercing 4 | . . . . . 4 Sneak Attacks 1 | . . . . . 1 Combat Hostiles . | . . . . . . Follow-up Attacks . | . . . . . . Damage Inflicted 143 | . 10 23 . . 110 Guns . | . . . . . . Cannons . | . . . . . . Explosions . | . . . . . . Melee 110 | . . . . . 110 Ramming 33 | . 10 23 . . . Kinetic . | . . . . . . Thermal . | . . . . . . Explosive . | . . . . . . Electromagnetic . | . . . . . . Impact . | . . . . . . Slashing . | . . . . . . Piercing 110 | . . . . . 110 Highest Corruption 1 | . . . . . 1 Average Corruption 1 | . . . . . 1 Corruption Purged . | . . . . . . Corruption Blocked . | . . . . . . Effects 1 | . . . . . 1 Matter Fused 1 | . . . . . 1 Overload Shots . | . . . . . . Overflow Damage 33 | . . . . . 33 Projectiles . | . . . . . . Explosions . | . . . . . . Melee 33 | . . . . . 33 Knockbacks . | . . . . . . Impact . | . . . . . . Kinetic . | . . . . . . Secondary . | . . . . . . Self-Inflicted Damage 15 | . 5 10 . . . Shots . | . . . . . . Rammed 9 | . 2 7 . . . Targets Rammed 9 | . 2 7 . . . Kicked . | . . . . . . Crushed . | . . . . . . Highest Temperature 2 | . . 2 . . . Average Temperature 2 | . . 2 . . . Received Heat Transfer 87 | . . 69 . . 18 Siege Activations . | . . . . . . Robots Corrupted . | . . . . . . Combat Hostiles . | . . . . . . Parts Fried . | . . . . . . Impact Corruptions . | . . . . . . Robots Melted . | . . . . . . Combat Hostiles . | . . . . . . Parts Melted . | . . . . . . Heat Transferred . | . . . . . . Parts Sabotaged . | . . . . . . Parts Stolen . | . . . . . . Parts Stripped . | . . . . . . Power Chain Reactions . | . . . . . . Missiles Intercepted . | . . . . . . Alert | -11 -10 -10 -9 -9 -7 ------- Run | Jun Mat Min Mat Min Zio Peak Influence 39 | . 30 26 39 15 . Initial 15 | . . 11 9 15 . Average 9 | . 12 12 10 15 . Maximum Alert Level . | . . . . . . Low Security (%) 100 | 100 100 100 100 100 . Level 1 . | . . . . . . Level 2 . | . . . . . . Level 3 . | . . . . . . Level 4 . | . . . . . . Level 5 . | . . . . . . High Security . | . . . . . . Max Security . | . . . . . . Squads Dispatched . | . . . . . . Investigation . | . . . . . . Extermination . | . . . . . . Reinforcement . | . . . . . . Assault . | . . . . . . Garrison . | . . . . . . Intercept . | . . . . . . Searches Triggered . | . . . . . . Construction Impeded . | . . . . . . Haulers Reinforced . | . . . . . . Active Scanning Responses . | . . . . . . Cargo Convoy Interrupts . | . . . . . . Stealth | -11 -10 -10 -9 -9 -7 --------- Run | Jun Mat Min Mat Min Zio Distress Signals 1 | . . . 1 . . Communications Jammed . | . . . . . . Distress Signals . | . . . . . . Times Spotted 37 | . 5 6 7 . 19 Peak Tracking Total 17 | . 5 5 8 . 17 Tactical Retreats 3 | . . 1 1 . 1 Traps | -11 -10 -10 -9 -9 -7 ------- Run | Jun Mat Min Mat Min Zio Traps Triggered . | . . . . . . Indirectly . | . . . . . . Trap Hack Attempts . | . . . . . . Triggered . | . . . . . . Disarmed . | . . . . . . Reprogrammed . | . . . . . . Reused . | . . . . . . Traps Extracted . | . . . . . . Installed . | . . . . . . Triggered . | . . . . . . Machines | -11 -10 -10 -9 -9 -7 ---------- Run | Jun Mat Min Mat Min Zio Machines Disabled . | . . . . . . Max in Single Turn . | . . . . . . Machines Repaired . | . . . . . . Machines Sabotaged . | . . . . . . Overloaded Fab Kills . | . . . . . . Hacking | -11 -10 -10 -9 -9 -7 --------- Run | Jun Mat Min Mat Min Zio Machines Accessed . | . . . . . . Terminals . | . . . . . . Fabricators . | . . . . . . Repair Stations . | . . . . . . Recycling Units . | . . . . . . Scanalyzers . | . . . . . . Garrison Access . | . . . . . . Total Hacks . | . . . . . . Successful . | . . . . . . Failed . | . . . . . . Catastrophic . | . . . . . . Database Lockouts . | . . . . . . Manual . | . . . . . . Terminals . | . . . . . . Fabricators . | . . . . . . Repair Stations . | . . . . . . Recycling Units . | . . . . . . Scanalyzers . | . . . . . . Garrison Access . | . . . . . . Terminal Hacks . | . . . . . . Fabricator Hacks . | . . . . . . Repair Station Hacks . | . . . . . . Recycling Unit Hacks . | . . . . . . Scanalyzer . | . . . . . . Garrison Access Hacks . | . . . . . . Unauthorized Hacks . | . . . . . . Terminals . | . . . . . . Fabricators . | . . . . . . Repair Stations . | . . . . . . Recycling Units . | . . . . . . Scanalyzers . | . . . . . . Garrison Access . | . . . . . . Data Cores Recovered . | . . . . . . Used . | . . . . . . Hacking Detections . | . . . . . . Full Trace Events . | . . . . . . Feedback Events . | . . . . . . Feedback Blocked . | . . . . . . Robot Schematics Acquired . | . . . . . . Robots Built . | . . . . . . Authchips . | . . . . . . Time . | . . . . . . Total Robot Build Rating . | . . . . . . Part Schematics Acquired 2 | . . . . . 2 Parts Built . | . . . . . . Authchips . | . . . . . . Time . | . . . . . . Total Part Build Rating . | . . . . . . Parts Repaired . | . . . . . . Time . | . . . . . . Parts Recycled . | . . . . . . Recycled Matter . | . . . . . . Retrieved Matter . | . . . . . . Retrieved Components . | . . . . . . Parts Scanalyzed . | . . . . . . Part Schematics Acquired . | . . . . . . Parts Damaged . | . . . . . . Bothacking | -11 -10 -10 -9 -9 -7 ------------ Run | Jun Mat Min Mat Min Zio Used RIF Installer . | . . . . . . Robots Hacked . | . . . . . . Non-combat . | . . . . . . Combat . | . . . . . . Robot Hacks Applied . | . . . . . . Relay Couplers Released . | . . . . . . Fabnet Peak Effective % . | . . . . . . Robots Rewired . | . . . . . . Allies Hacked . | . . . . . . Hacks Repelled . | . . . . . . Allies | -11 -10 -10 -9 -9 -7 -------- Run | Jun Mat Min Mat Min Zio Total Allies . | . . . . . . Largest Group . | . . . . . . Highest-Rated Group . | . . . . . . Highest-Rated Ally . | . . . . . . Total Orders . | . . . . . . Ally Attacks . | . . . . . . Total Damage . | . . . . . . Kills . | . . . . . . Allies Corrupted . | . . . . . . Allies Melted . | . . . . . . Intel | -11 -10 -10 -9 -9 -7 ------- Run | Jun Mat Min Mat Min Zio Robot Analysis Total . | . . . . . . Derelict Logs Recovered 2 | . . . . . 2 Drone Launches . | . . . . . . Drone Recoveries . | . . . . . . Exploration | -11 -10 -10 -9 -9 -7 ------------- Run | Jun Mat Min Mat Min Zio Turns Passed 778 | 47 37 88 30 10 566 Spaces Moved 1323 | 33 69 162 59 20 980 Core 955 | 8 69 162 59 20 637 Treads 25 | 25 . . . . . Legs . | . . . . . . Wheels . | . . . . . . Hover . | . . . . . . Flight 343 | . . . . . 343 Fastest Speed 50 | 50 50 50 50 50 50 Average Speed 53 | 133 50 50 50 50 51 Slowest Speed 160 | 160 50 50 50 50 55 Overloaded Moves . | . . . . . . Propulsion Burnouts . | . . . . . . Robots Hopped . | . . . . . . Cave-ins Triggered . | . . . . . . Exploration Rate (%) 32 | 3 27 59 10 12 85 Regions Visited 5 Branch Regions 3 Pre-discovered Areas . | . . . . . . Known Exits Taken . | . . . . . . Unknown Exits Taken 5 | 1 1 1 1 1 . Scrap Searched 3 | . . . . . 3 Spaces Dug . | . . . . . . Terrain Destroyed . | . . . . . . Melee . | . . . . . . Projectile . | . . . . . . AOE . | . . . . . . Terrain Rammed . | . . . . . . Walls Destroyed . | . . . . . . Machines Disabled . | . . . . . . Actions | -11 -10 -10 -9 -9 -7 --------- Run | Jun Mat Min Mat Min Zio Total 1377 | 34 70 168 58 19 1028 Wait 24 | . . . . . 24 Move 1318 | 32 68 161 58 19 980 Hop . | . . . . . . Pick Up 2 | . . . . . 2 Fast Attach 13 | 2 . . . . 11 Attach . | . . . . . . Detach . | . . . . . . Swap . | . . . . . . Drop 7 | . . . . . 7 Fire . | . . . . . . Melee 4 | . . . . . 4 Ram 9 | . 2 7 . . . Kick . | . . . . . . Crush . | . . . . . . Escape Stasis . | . . . . . . Rewire . | . . . . . . Trap . | . . . . . . Miscellaneous . | . . . . . . Route ------- -11/Junkyard -10/Materials -10/Mines -9/Materials -9/Mines -7/Zion (discovered 1 exit: [*Pro]) History --------- Turn | Location | Event 4 | -11/Junkyard | Discovered new exit (range 16) 48 | -11/Junkyard | Entered Materials 77 | -10/Materials | Discovered new exit (range 16) 85 | -10/Materials | Entered Mines 167 | -10/Mines | Discovered new exit (range 13) 173 | -10/Mines | Entered Materials 173 | -9/Materials | Evolved 2 slots: Utility x2 200 | -9/Materials | Discovered new exit (range 6) 203 | -9/Materials | Entered Mines 210 | -9/Mines | A Derelict revealed a hidden shortcut to a safe place 213 | -9/Mines | Entered Zion 281 | -7/Zion | Discovered new exit (range 15) 315 | -7/Zion | Build established: Mutant 321 | -7/Zion | Learned Factory terminal intel 327 | -7/Zion | Learned Factory garrison access intel 490 | -7/Zion | Found CR-A16's Pointy Stick 609 | -7/Zion | Given the Hacking Drone Bay 609 | -7/Zion | Found Prototype Device 619 | -7/Zion | Found Prototype Processor 619 | -7/Zion | Identified Exp. Core Analyzer 622 | -7/Zion | Found Prototype Processor 622 | -7/Zion | Identified Exp. Signal Interpreter 628 | -7/Zion | Found Prototype Processor 628 | -7/Zion | Identified Exp. Armor Integrity Analyzer 630 | -7/Zion | Found Prototype Processor 630 | -7/Zion | Identified Exp. Terrain Scan Processor 633 | -7/Zion | Found Prototype Hackware 633 | -7/Zion | Identified Exp. System Shield 729 | -7/Zion | Attacked by Zionites 749 | -7/Zion | Core integrity fell below 50% 779 | -7/Zion | Self-destructed Last Messages --------------- 00728_ Sneak attack on Imprinter. 00728_ Destroyed Mak. Hover Unit. 00729_ PUBLIC SERVICE ANNOUNCEMENT: Zion is under attack! Defend our home! 00729_ FH-GM2(c) calibrates the Memory Banks. 00736_ SU-404(M) misfires. 00740_ System corrupted: Matter fused (-5). 00740_ HG-5QG(M) misfires. 00741_ 1N-4I6(c) calibrates the Conduit Teleporter. 00746_ XI-TKT(z) pulls a Mak. Spear out of the Twisted Machinery. 00747_ RD-VX5(z) pulls a Mak. Spear out of the Twisted Machinery. 00748_ 9J-CR3(z) pulls a Mak. Shrapnel Gun out of the Twisted Machinery. 00756_ Slug penetrates Twisted Machinery. 00759_ Penetrated by Slug. 00761_ Mak. Flight Unit destroyed. 00763_ TP-P1J(z) pulls a Mak. Laser out of the Twisted Machinery. 00765_ PW-DWL(z) pulls a Mak. Laser out of the Twisted Machinery. 00769_ 68-GI5(z) pulls a Mak. Shrapnel Gun out of the Twisted Machinery. 00771_ VJ-ORO(z) destroyed. 00771_ L5-M61(z) pulls a Mak. Laser out of the Twisted Machinery. Map ----- +----------------------------------------------------+ | #""" """""" " """#????? | | ##"" """"" """ "" "##?????? | | """#"" """" ""#?????? | | """""" """" "#"?????? | | "##""" """ """#?????? | | ###" "####" "" """#?????? | | #""" "###" "" """""""#?????? | | ""?##"" ""##"" "" "" """"###??????? | | "??#"#" ""##"""""" "" "" """"##???????? | | ???##"" ""#####"""" "" " ""#"#???????? | | ####""# ""#???##""""""" "" """####????? | | """#### #"#????###""""" "" """"""#??##? | | ###??????##"""" " """####"## | | #?????????"""" """"""#"# | | #????????#""" ""#"#" | | #### #????????#""" "" """"" | | #??######?????????##""""""""" | | #??????????????????###"####""" | | "????????????????####"###""""z | | "???????????????##"#"#""""" zz#"" | | "???????????##### """"" """" """""" | | ?????????###<<<# """" """"" """"""" "" | | ?????????#""< < "" """"""""""""" """ | | ?????????#"# " """"#""""" """ | | ???????????#" # " """"#""#" | | " ""???????????#"""" @ zz"""" | | " "????????????##"" l z z= | | ? ??????????????#" "" * "" | | ???????????????#"" """""z """ "" | | ???????????????##"" """""" "" """ """" """" | | ???????????????""""" """"" """""""""#" """ | | ???????????????##""" I""""" """"#"#"#""" "" | | ????????????????###" "##" "##"####""""" "" | | ??????????????????""""""""" """"""###???###"""""# | | ??????????????????##""#"#""""""""#"????????###"""# | | ????????????????????##??#######"##????????????#??? | | ??????????????????????????????###????????????????? | | ?????????????????????????????????????????????????? | | ?????????????????????????????????????????????????? | | ?????????????????????????????????????????????????? | | ?????????????????????????????????????????????????? | | ?????????????????????????????????????????????????? | | ?????????????????????????????????????????????????? | | ?????????????????????????????????????????????????? | | ?????????????????????????????????????????????????? | | ?????????????????????????????????????????????????? | | ?????????????????????????????????????????????????? | | ?????????????????????????????????????????????????? | | ?????????????????????????????????????????????????? | | ?????????????????????????????????????????????????? | +----------------------------------------------------+ Best States ------------- Heat Dissipation 28 Energy Generation 5 Energy Capacity 100 Matter Stores 300 Matter Capacity 300 Sight Range 16 Terrain Scan Density 10 Evasion (%) 59 Core Analysis 8 Armor Integrity Analysis 50 Recoil Reduction 2 Offensive Hacking 11 Defensive Hacking 22 Item Schematics ----------------- Matter Compressor | -7/Zion | Archive Mak. Salvage Targeting Computer | -7/Zion | Archive Robot Schematics ------------------ None Fabricated ------------ Nothing Alien Tech Used ----------------- None Achievements -------------- None Challenges ------------ None Game ------ Seed DataWeightSuite Manual? 0 Play Time 00:09:31 Cumulative 151.3 hours Start 2023.04.26 @ 23:19:12 End 2023.04.26 @ 23:27:24 Sessions 1 Manual Loads 0 Difficulty Rogue Special Mode None Game No. 443 Rogue 443 Adventurer 0 Explorer 0 Win Type - Total 7 Types 6/0/0/1/0/0/0/0/0 Lore% 66 Gallery% 71 Achievement% 61 Wizard Run 0 Options --------- ASCII 0 Keyboard 0 Movement Numpad Keybinds 0 Fullscreen 1 Font 16/SmallcapsGlow Map View 75x55 Tactical HUD 1 Map Filters NONE Filters NONE Steam 1 RUN: 495ab79b-e42e-4d72-aff7-9ba3e95210df